 Seeded DCSS version 0.30-a0-799-g109b55a442 (webtiles) character file.

Game seed: 9584969576347750076 (custom seed)

684 a11behringer the Cudgeller (level 7, 0/61 HPs)
             Began as a Minotaur Berserker on Feb 21, 2023.
             Was a Believer of Trog.
             Slain by a black bear (6 damage)
             ... on level 5 of the Dungeon.
             The game lasted 00:09:28 (2936 turns).

a11behringer the Cudgeller (Minotaur Berserker)     Turns: 2936, Time: 00:09:29

Health: 0/61       AC:  9    Str: 28    XL:     7   Next: 35%
Magic:  0/6        EV:  8    Int:  4    God:    Trog [**....]
Gold:   570        SH:  3    Dex:  4    Spells: 6/6 levels left

rFire   . . .      SeeInvis +    m - +11 mace "Hoffinits" {freeze, rPois rC++ rCorr Dex-5}
rCold   + + .      Faith    .    j - +0 buckler
rNeg    . . .      Spirit   +    q - +0 chain mail
rPois   +          Reflect  .    s - +0 mask of the Dragon {Will+ Slay+3 SInv}
rElec   .          Harm     .    (no cloak)
rCorr   +          Rampage  .    (no gloves)
Will    +++..                    (no boots) Stlth
                                 n - amulet of guardian spirit
HPRegen 1.30/turn                h - ring "Unyl" {rCorr Str+4}
MPRegen 0.10/turn                (no ring)

@: strong-willed, on berserk cooldown, regenerating, slowed, very slow
A: horns 2, retaliatory headbutt
a: Renounce Religion, Berserk, Trog's Hand


You were on level 5 of the Dungeon.
You worshipped Trog.
Trog was pleased with you.
You visited 1 branch of the dungeon, and saw 5 of its levels.

You collected 1018 gold pieces.
You spent 448 gold pieces at shops.

Inventory:

Hand Weapons
 a - a +0 mace
 m - the +11 mace "Hoffinits" (weapon) {freeze, rPois rC++ rCorr Dex-5}
   (You found it on level 2 of the Dungeon)

   Dex:       It affects your dexterity (-5).
   rC:        It greatly protects you from cold.
   rPois:     It protects you from poison.
   rCorr:     It protects you from acid and corrosion.
Armour
 b - a +0 animal skin
 g - a +0 ring mail
 j - a +0 buckler (worn)
 q - a +0 chain mail (worn)
 s - the +0 mask of the Dragon (worn) {Will+ Slay+3 SInv}
   (You bought it in a shop on level 3 of the Dungeon)

   Slay:      It affects your accuracy & damage with ranged weapons and melee
   (+3).
   SInv:      It lets you see invisible.
   Will:      It increases your willpower.
Jewellery
 h - the ring "Unyl" (left hand) {rCorr Str+4}
   (You found it on level 4 of the Dungeon)

   [ring of resist corrosion]

   Str:       It affects your strength (+4).
   rCorr:     It protects you from acid and corrosion.
 n - an amulet of guardian spirit (around neck)
 x - a +4 ring of protection
Wands
 w - a wand of iceblast (3)
Scrolls
 c - 4 scrolls of enchant armour
 d - a scroll of vulnerability {unknown}
 e - a scroll of fog {unknown}
 f - 2 scrolls of acquirement
 i - 2 scrolls of brand weapon {unknown}
 l - a scroll of immolation {unknown}
 o - 2 scrolls of torment
 p - 3 scrolls of teleportation
 t - a scroll of fear {unknown}
 u - 2 scrolls of enchant weapon
Potions
 k - 2 potions of haste
 r - a potion of attraction {unknown}
 v - a potion of invisibility


   Skills:
 + Level 5.3 Fighting
 * Level 6.8 Maces & Flails
 + Level 4.5 Armour
 + Level 4.1 Dodging
 + Level 3.3 Shields


You had 6 spell levels left.
You didn't know any spells.
Your spell library was empty.

Dungeon Overview and Level Annotations

Branches:
Dungeon (5/15)             Temple (0/1) D:5

Altars:
Dithmenos
Nemelex Xobeh

Shops:
D:3 ?:=[


Innate Abilities, Weirdness & Mutations

You have a pair of horns on your head.
You reflexively headbutt those who attack you in melee.


Message History

You resist with some effort.
The black bear bites you but does no damage.
The black bear barely misses you. You block the black bear's attack.
You sock the orc priest! You freeze the orc priest.
You kill the orc priest!
Trog accepts your kill. You block the orc priest's attack.
The black bear bites you but does no damage.
The black bear claws you. The black bear barely misses you.
The orc priest calls down the wrath of Beogh upon you.
Pain shoots through your body!
The black bear bites you but does no damage.
The black bear barely misses you. The black bear claws you.
* * * LOW HITPOINT WARNING * * *
Your skin crawls.
You feel strong-willed.
The orc priest hits you but does no damage.
The black bear bites you!
* * * LOW HITPOINT WARNING * * *
The black bear barely misses you.
The black bear claws you but does no damage.
The black bear bites you but does no damage.
The black bear claws you but does no damage.
The black bear closely misses you.
The orc priest mumbles some strange prayers to Beogh against you.
Beogh smites you!
* * * LOW HITPOINT WARNING * * *
You sock the orc wizard! You freeze the orc wizard.
Your headbutt misses the orc wizard.
The orc wizard is severely wounded.
The orc priest calls upon Beogh to heal the orc wizard.
The orc wizard is healed somewhat.
You block the orc wizard's attack. The black bear closely misses you.
The black bear claws you but does no damage.
The black bear barely misses you.
You barely miss the orc priest. The orc priest completely misses you.
The orc wizard barely misses you. You block the black bear's attack.
The black bear claws you but does no damage. x2
The black bear bites you.
You die...

#.. #..
##.)########
#...........
#...........
#..))#
.....##<#######
.###.#))h.....#
#...@8.8.8..
#..oo.⌠.⌠..#
!.......8.>.8.#
##.#.....⌠.⌠..#
#.##..$8.8.8.#
# ##........#
...##....# ....
...##


You could see a black bear, an orc priest and an orc wizard.

Vanquished Creatures
  Prince Ribbit (D:5)
  An ogre (D:4)
  A scorpion (D:4)
  A howler monkey (D:4)
  A hound (D:5)
  2 orc priests (D:5)
  An iguana (D:3)
  2 orc wizards
  8 adders
  An ufetubus (D:5)
  2 dart slugs
  13 orcs
  6 ball pythons
  5 bats
  2 endoplasms
  4 giant cockroaches
  6 hobgoblins
  4 jackals (D:2)
  4 kobolds
  A quokka (D:3)
  4 frilled lizards
  3 goblins
  2 rats (D:1)
75 creatures vanquished.

Notes
Turn   | Place    | Note
-------+----------+-------------------------------------------
     0 | D:1      | a11behringer the Minotaur Berserker began the quest for the
                  | Orb.
     0 | D:1      | Reached XP level 1. HP: 19/19 MP: 0/0
   338 | D:1      | Reached XP level 2. HP: 27/27 MP: 1/1
   359 | D:1      | Reached skill level 4 in Maces & Flails
   867 | D:2      | Reached XP level 3. HP: 16/33 MP: 2/2
  1038 | D:2      | Identified the +11 mace "Hoffinits" {freeze, rPois rC++
                  | rCorr Dex-5}
  1065 | D:2      | Reached ** piety under Trog
  1118 | D:2      | Found a faded altar of an unknown god.
  1358 | D:2      | Reached XP level 4. HP: 36/40 MP: 3/3
  1539 | D:2      | Identified 3 scrolls of acquirement
  1539 | D:2      | Acquired 809 gold pieces
  1563 | D:3      | Reached skill level 1 in Shields
  1569 | D:3      | Reached skill level 5 in Maces & Flails
  1583 | D:3      | Found Pad Syph's Book Boutique.
  1726 | D:3      | Found Zabrinum's Armour Boutique.
  1734 | D:3      | Bought the +0 mask of the Dragon {Will+ Slay+3 SInv} for
                  | 334 gold pieces
  1734 | D:3      | Found the +0 mask of the Dragon {Will+ Slay+3 SInv}
  1777 | D:3      | Reached XP level 5. HP: 47/47 MP: 4/4
  1862 | D:3      | Found Fenukouj's Magic Scroll Emporium.
  1868 | D:3      | Bought a scroll of enchant weapon for 90 gold pieces
  1868 | D:3      | Bought a scroll of identify for 24 gold pieces
  1955 | D:3      | Found Nabucw's Jewellery Shop.
  2361 | D:4      | Found a sparkling altar of Nemelex Xobeh.
  2373 | D:4      | Found a shadowy altar of Dithmenos.
  2381 | D:4      | Noticed an ogre
  2387 | D:4      | Killed an ogre
  2552 | D:4      | Reached XP level 6. HP: 50/53 MP: 3/5
  2557 | D:4      | Identified the ring "Unyl" {rCorr Str+4}
  2631 | D:4      | Reached skill level 6 in Maces & Flails
  2906 | D:5      | Entered Level 5 of the Dungeon
  2906 | D:5      | Found a staircase to the Ecumenical Temple.
  2907 | D:5      | Noticed Prince Ribbit
  2915 | D:5      | Reached skill level 5 in Fighting
  2924 | D:5      | Killed Prince Ribbit
  2925 | D:5      | Reached XP level 7. HP: 61/61 MP: 6/6
  2934 | D:5      | HP: 2/61 [orc priest/divine providence (11)]
  2936 | D:5      | Slain by a black bear

Illustrated notes

Levels and vault maps discovered:
D:1:      minmay_arrival_three_doors, layout_loops_corners
D:2:      layout_loops_ring, ebering_ecumenical_altar_ruins,
          minmay_split_cup_small
D:3:      layout_loops_ring, serial_shops, shop, shop_fountains, shop,
          nicolae_square_shop
D:4:      layout_rooms, overflow_temple_1_default, old_standard_altar,
          kennysheep_donut
D:5:      layout_loops_ring, minmay_temple_entry_statues_fountains,
          serial_shops, kennysheep_mini, shop, shop_statue,
          serial_bayou_crossing, uniq_crazy_yiuf_cottage, uniq_prince_ribbit1

Skill      XL: |  1  2  3  4  5  6 |
---------------+-------------------+-----
Maces & Flails | 4 5 6 |  6.8
Fighting       | 4 5 |  5.3
Armour         | 3 4 |  4.5
Shields        | 1 2 3 |  3.3
Dodging        | 3 4 |  4.1

Action                     |  1- 3 |  4- 6 |  7- 9 || total
---------------------------+-------+-------+-------++-------
  Melee: Mace              |    57 |    72 |     8 ||   137
         Headbutt          |     4 |     3 |     1 ||     8
 Invoke: Berserk           |       |     3 |       ||     3
         Trog's Hand       |       |     1 |     1 ||     2
    Use: Scroll            |       |     6 |       ||     6
   Stab: Sleeping          |     1 |       |       ||     1
 Armour: Animal skin       |     4 |       |       ||     4
         Ring mail         |    21 |       |       ||    21
         Chain mail        |       |    31 |    21 ||    52
  Dodge: Dodged            |    43 |    24 |    15 ||    82
  Block: Buckler           |     1 |    12 |     6 ||    19

Table legend: (Time is in decaauts)
 A = Elapsed time spent in this place.
 B = Non-inter-level travel time spent in this place.
 C = Inter-level travel time spent in this place.
 D = Time resting spent in this place.
 E = Time spent auto-exploring this place.
 F = Levels seen in this place.
 G = Mean time per level.
                   A        B        C        D        E       F      G
               +--------+--------+--------+--------+--------+-----+--------+
         Total |   2974 |   2736 |    238 |      0 |   2311 |   5 |  594.8 |
       Dungeon |   2974 |   2736 |    238 |      0 |   2311 |   5 |  594.8 |
               +--------+--------+--------+--------+--------+-----+--------+

Top non-repeatable levels by time:
     D:1: 856 daAuts
     D:3: 732 daAuts
     D:2: 708 daAuts
     D:4: 644 daAuts
     D:5: 32 daAuts
